 Dungeon Crawl Stone Soup version 0.23.2-1-ga50397a (webtiles) character file.

Game seed: 13112591768089959983

6573 MajorAdolf the Cleaver (level 11, -1/106 HPs)
             Began as a Naga Wanderer on Apr 25, 2019.
             Was a Priest of Ru.
             Slain by a wight
             ... wielding a +2 mace of freezing
              (4 damage)
             ... on level 11 of the Dungeon.
             The game lasted 00:45:11 (15881 turns).

MajorAdolf the Cleaver (Naga Wanderer)             Turns: 15881, Time: 00:45:12

Health: -1/106     AC: 14    Str: 15    XL:     11   Next: 1%
Magic:  14/14      EV:  3    Int: 16    God:    Ru [***...]
Gold:   583        SH:  0    Dex: 10    Spells: 10/10 levels left

rFire    . . .     SeeInvis +   R - +2 battleaxe (flame)
rCold    . . .     Gourm    .   (shield currently unavailable)
rNeg     . . .     Faith    .   S - +4 ring mail
rPois    +         Spirit   .   k - +1 helmet
rElec    .         Reflect  .   (no cloak)
rCorr    .         Harm     .   (no gloves)
MR       +....                  (no barding)
Stlth    ++++......             (no amulet)
HPRegen  0.27/turn              b - ring of Shadows {Umbra +Inv Stlth+}
MPRegen  0.14/turn              P - +2 ring of slaying

@: lethally poisoned (-1 -> -2), wreathed by umbra, lightly drained, very slow
A: large, see invisible, deformed body, poison resistance, slowness 2, slow
metabolism 1, spit poison 1, inability to train dodging, no air magic, no
summoning magic, no transmutations magic, reduced EV 1, AC +3
a: Spit Poison, Draw Out Power, Renounce Religion, Evoke Invisibility


You were on level 11 of the Dungeon.
You worshipped Ru.
Ru was most pleased with you.
You were not hungry.

You visited 3 branches of the dungeon, and saw 13 of its levels.

You collected 583 gold pieces.

Inventory:

Hand Weapons
 a - a +0 hand axe
 e - a +0 hunting sling
 j - a +2 whip of venom
 u - a +2 flail of venom
 y - a +0 battleaxe
 C - a +3 whip of electrocution
 K - a +0 war axe
 N - a +0 broad axe
 R - a +2 battleaxe of flaming (weapon)
Missiles
 f - 353 stones
 g - 4 throwing nets (quivered)
Armour
 k - a +1 helmet (worn)
 B - the +8 orange crystal plate armour {Archmagi, Int+3 Clar}
   (You found it on level 5 of the Dungeon)

   It affects your intelligence (+3).
   It protects you against confusion.
 G - a +1 chain mail of fire resistance
 S - a +4 ring mail (worn)
Magical Staves
 U - an uncursed staff of cold
Jewellery
 b - the ring of Shadows (left hand) {Umbra +Inv Stlth+}
   (You found it on level 10 of the Dungeon)

   [ring of stealth]

   It lets you turn invisible.
   It makes you more stealthy.
 n - a cursed amulet of magic regeneration
 q - a +3 ring of intelligence
 v - a cursed amulet of inaccuracy {unknown}
 F - an uncursed amulet of faith
 P - a +2 ring of slaying (right hand)
Wands
 w - a wand of iceblast (17)
 A - a wand of random effects (31)
 H - a wand of enslavement (18)
 I - a wand of polymorph (19)
Scrolls
 c - 3 scrolls of teleportation
 h - 8 scrolls of remove curse
 r - 2 scrolls of random uselessness
 t - a scroll of fog {unknown}
 x - a scroll of identify
 L - a scroll of enchant armour
 T - a scroll of amnesia {unknown}
Potions
 i - 2 potions of curing
 l - 2 potions of resistance {unknown}
 m - 2 potions of agility {unknown}
 o - 2 potions of cancellation {unknown}
 p - 4 potions of haste {unknown}
 s - 3 potions of heal wounds {unknown}
 z - 2 potions of ambrosia {unknown}
 D - a potion of lignification {unknown}
 E - a potion of mutation {unknown}
 J - a potion of magic {unknown}
 M - 2 potions of brilliance {unknown}
 O - a potion of invisibility {unknown}
Miscellaneous
 Q - a sack of spiders
Comestibles
 d - 12 rations


   Skills:
 + Level 9.2(8.7) Fighting
 + Level 9.8(9.3) Axes
 + Level 7.4(6.9) Armour
 + Level 4.6(4.2) Stealth
   Level 1.0(0.6) Shields
 - Level 2.0(1.7) Unarmed Combat
 + Level 4.6(4.2) Evocations


You had 10 spell levels left.
You didn't know any spells.
Your spell library contained the following spells:

 Spells                   Type           Power        Failure   Level  Hunger
 Corona                   Hex            #......      41%         1    ##.....
 Magic Dart               Conj           #...         41%         1    ##.....
 Blink                    Tloc           N/A          56%         2    ###....
 Ensorcelled Hibernation  Hex/Ice        #.....       56%         2    ###....
 Slow                     Hex            #.......     56%         2    ###....
 Confuse                  Hex            #.......     80%         3    ####...
 Conjure Flame            Conj/Fire      #.......     80%         3    ####...
 Dazzling Spray           Conj/Hex       #.....       80%         3    ####...
 Tukima's Dance           Hex            #.......     80%         3    ####...
 Summon Small Mammal      Summ           Unusable     N/A         1    N/A
 Call Imp                 Summ           Unusable     N/A         2    N/A
 Call Canine Familiar     Summ           Unusable     N/A         3    N/A
 Mephitic Cloud           Conj/Pois/Air  Unusable     N/A         3    N/A
 Summon Guardian Golem    Hex/Summ       Unusable     N/A         3    N/A
 Summon Ice Beast         Ice/Summ       Unusable     N/A         4    N/A
 Summon Lightning Spire   Summ/Air       Unusable     N/A         4    N/A

Dungeon Overview and Level Annotations

Branches:
Dungeon (11/15)            Temple (1/1) D:6            Lair (1/6) D:9
    Orc: D:9-12

Altars:
Ashenzari
Cheibriados
Dithmenos
Elyvilon
Fedhas
Gozag
Hepliaklqana
Kikubaaqudgha
Makhleb
Nemelex Xobeh
Okawaru
Ru
Sif Muna
Trog
Uskayaw
Vehumet
Wu Jian
Xom
Yredelemnul
Zin
The Shining One

Annotations:
D:9 exclusion: downstairs


Innate Abilities, Weirdness & Mutations

You cannot wear boots.
Your serpentine skin is tough. (AC +3)
You have supernaturally acute eyesight. (SInv)
Armour fits poorly on your strangely shaped body.
Your system is resistant to poisons. (rPois)
You cover ground very slowly.
You have a slow metabolism.
You can spit poison.
You cannot train Dodging skill.
You cannot study or cast Air magic.
You cannot study or cast Summoning magic.
You cannot study or cast Transmutations magic.
You have somewhat slow reflexes. (EV -5)


Message History

You kill the killer bee!
You barely miss the wight.
You feel sick. The wight hits you but does no damage.
Unknown command.
You miss the wight.
The wight is severely damaged.
The wight is no longer blind.
The wight hits you with a +2 mace of freezing.
* * * LOW HITPOINT WARNING * * *
You feel drained.
* * * LOW HITPOINT WARNING * * *
The wight freezes you.
* * * LOW HITPOINT WARNING * * *
You closely miss the wight.
The wight is severely damaged.
You feel sick.
The wight hits you with a +2 mace of freezing!
* * * LOW HITPOINT WARNING * * *
The wight freezes you.
You die...

#..[..... ##### #........
###...# #........ #.#.#.#
#.....?.. .....# #........
#+##.#.##############........
...#............@)....|.......
...'.#..........)z............
...#..........................
#'##.#........................
..............................
.#.#.#.....................?..
..............................
..............................
...............>)........../..


You could see a wight.

Vanquished Creatures
  Harold (D:9)
  A black mamba (D:9)
  A spiny frog (Lair:1)
  A komodo dragon (Lair:1)
  2 trolls
  2 water moccasins
  A porcupine (Lair:1)
  7 orc warriors
  A phantom (D:9)
  An eye of draining (D:8)
  An ice beast (D:6)
  A sky beast (D:6)
  5 ogres
  2 crocodiles
  2 centaurs
  Blork the orc (D:5)
  A big kobold (D:10)
  4 bullfrogs
  9 killer bees
  2 scorpions
  7 wights
  3 crimson imps
  2 howler monkeys
  A quasit (D:8)
  6 jellies
  3 orc priests
  A gnoll shaman (D:8)
  5 hounds
  A centaur skeleton (D:8)
  A bullfrog skeleton (D:7)
  An iguana (D:8)
  5 orc wizards
  5 worker ants
  A hound skeleton (D:7)
  2 worker ant zombies (D:9)
  9 gnolls
  3 howler monkey skeletons
  9 adders
  2 shadow imps
  2 adder zombies
  An adder skeleton (D:8)
  6 worms
  2 dart slugs
  4 leopard geckos
  34 orcs
  7 giant cockroaches
  14 goblins
  10 hobgoblins
  17 jackals
  14 kobolds
  5 quokkas
  A ball python (D:3)
  15 bats
  2 frilled lizards
  A jackal zombie (D:5)
  A quokka skeleton (D:4)
  10 rats
259 creatures vanquished.

Notes
Turn   | Place    | Note
-------+----------+-------------------------------------------
     0 | D:1      | MajorAdolf the Naga Wanderer began the quest for the Orb.
     0 | D:1      | MajorAdolf set off with the following items: a +0 hand axe,
                  | a +2 scale mail, a scroll of teleportation, a ration
     0 | D:1      | Reached XP level 1. HP: 19/19 MP: 1/1
    36 | D:1      | Reached skill level 1 in Stealth
   300 | D:1      | Reached XP level 2. HP: 19/26 MP: 2/2
   765 | D:1      | Reached XP level 3. HP: 28/33 MP: 3/3
  1740 | D:2      | Found a shimmering altar of Xom.
  1741 | D:2      | Found a shimmering altar of Xom.
  1742 | D:2      | Found a shimmering altar of Xom.
  1742 | D:2      | Found a shimmering altar of Xom.
  1866 | D:2      | Reached XP level 4. HP: 37/40 MP: 4/4
  2460 | D:2      | Found a radiant altar of Vehumet.
  2819 | D:3      | Reached XP level 5. HP: 43/49 MP: 5/5
  2859 | D:3      | Reached skill level 5 in Axes
  3289 | D:3      | Found a sparkling altar of Nemelex Xobeh.
  3897 | D:4      | Reached XP level 6. HP: 57/57 MP: 6/6
  3939 | D:4      | Found Zin's Purification Station.
  3944 | D:4      | Found a glowing silver altar of Zin.
  4099 | D:4      | Found a shadowy altar of Dithmenos.
  4400 | D:4      | Found a bloodstained altar of Trog.
  4642 | D:5      | Entered Level 5 of the Dungeon
  4757 | D:5      | Noticed Blork the orc
  4761 | D:5      | Killed Blork the orc
  4761 | D:5      | Reached XP level 7. HP: 49/66 MP: 7/7
  5020 | D:5      | Found an opulent altar of Gozag.
  5269 | D:5      | Found a sacrificial altar of Ru.
  5642 | D:5      | Found the +8 orange crystal plate armour {Archmagi, Int+3
                  | Clar}
  5775 | D:6      | Found a staircase to the Ecumenical Temple.
  5786 | Temple   | Entered the Ecumenical Temple
  6054 | D:5      | Became a worshipper of Ru the Awakened
  6340 | D:6      | Reached skill level 5 in Fighting
  6347 | D:6      | Found an ornate altar of the Wu Jian Council.
  6711 | D:6      | Found a shattered altar of Ashenzari.
  6712 | D:6      | Found a bloodstained altar of Trog.
  6845 | D:6      | Reached XP level 8. HP: 66/75 MP: 8/8
  7652 | D:7      | Gained mutation: You cannot train Dodging skill. [Ru
                  | sacrifice]
  7652 | D:7      | Reached * piety under Ru
  7870 | D:7      | Reached skill level 5 in Armour
  8264 | D:7      | Reached XP level 9. HP: 74/85 MP: 9/9
 10395 | D:8      | Found an ancient bone altar of Kikubaaqudgha.
 10976 | D:9      | Gained mutation: You have somewhat slow reflexes. (EV -5)
                  | [Ru sacrifice]
 10976 | D:9      | Reached ** piety under Ru
 11009 | D:9      | Noticed a troll
 11014 | D:9      | Killed a troll
 11177 | D:9      | Reached XP level 10. HP: 75/96 MP: 11/11
 11269 | D:9      | Noticed a moth of wrath
 11285 | D:9      | Found a bloodstained altar of Trog.
 11432 | D:9      | Noticed Harold
 11624 | D:9      | Found a staircase to the Lair.
 11651 | D:9      | Found a snail-covered altar of Cheibriados.
 11738 | Lair:1   | Entered Level 1 of the Lair of Beasts
 11743 | Lair:1   | Noticed a spiny frog
 11757 | Lair:1   | Killed a spiny frog
 11757 | Lair:1   | Reached skill level 1 in Unarmed Combat
 12346 | Lair:1   | Noticed a black mamba
 12869 | D:9      | Killed a black mamba
 13176 | Lair:1   | Noticed a five-headed hydra
 13288 | D:10     | Entered Level 10 of the Dungeon
 13325 | D:10     | Found a bloodstained altar of Trog.
 13941 | D:10     | Found the ring of Shadows {Umbra +Inv Stlth+}
 13991 | D:10     | Got an ichor-stained rapier
 13992 | D:10     | Identified the +6 rapier of the Desolation of Salt {pain,
                  | *Slow rF+ Str+7 Int+3} (You found it on level 10 of the
                  | Dungeon)
 15066 | D:9      | Killed Harold
 15460 | D:11     | Noticed a cyan ugly thing
 15753 | D:11     | Gained mutation: You cannot study or cast Air magic. [Ru
                  | sacrifice]
 15753 | D:11     | Gained mutation: You cannot study or cast Transmutations
                  | magic. [Ru sacrifice]
 15753 | D:11     | Gained mutation: You cannot study or cast Summoning magic.
                  | [Ru sacrifice]
 15753 | D:11     | Reached *** piety under Ru
 15877 | D:11     | Reached XP level 11. HP: 18/106 MP: 14/14
 15881 | D:11     | HP: 3/106 [wight/+2 mace of freezing (8)]
 15881 | D:11     | Slain by a wight

Skill      XL: |  1  2  3  4  5  6  7  8  9 10 |
---------------+-------------------------------+-----
Stealth        | 1 2 4 |  4.6
Fighting       | 3 4 5 6 8 9 |  9.2
Armour         | 2 3 4 5 6 7 |  7.4
Axes           | 5 6 7 8 9 |  9.8
Evocations     | 2 4 |  4.6
Unarmed Combat | 2 |  2.0
Shields        | |  1.0

Action                   |  1- 3 |  4- 6 |  7- 9 | 10-12 || total
-------------------------+-------+-------+-------+-------++-------
Melee: Hand axe          |    89 |    90 |       |       ||   179
       Whip              |       |   128 |    44 |   121 ||   293
       Flail             |       |    16 |   370 |       ||   386
       Battleaxe         |       |       |       |    58 ||    58
       Broad axe         |       |       |       |    19 ||    19
 Fire: Hunting sling     |     4 |    10 |     4 |       ||    18
Invok: Sacrifice Nimblen |       |       |     1 |       ||     1
       Sacrifice Health  |       |       |     1 |       ||     1
       Sacrifice Arcana  |       |       |       |     1 ||     1
 Abil: Spit Poison       |    26 |    34 |    29 |    18 ||   107
       Evoke Invisibilit |       |       |       |     1 ||     1
  Use: Scroll            |     1 |     3 |     5 |     9 ||    18
       Potion            |       |       |     1 |     3 ||     4
 Stab: Invisible         |       |       |       |     3 ||     3
  Eat: Chunk             |     4 |     9 |    16 |     3 ||    32
       Ration            |       |       |     1 |     3 ||     4
Armor: Scale mail        |    30 |   200 |   221 |    48 ||   499
       Crystal plate arm |       |       |    79 |       ||    79
       Ring mail         |       |       |       |   171 ||   171
Dodge: Dodged            |    49 |   106 |   140 |    41 ||   336
